 Dungeon Crawl Stone Soup version 0.22.1-2-g9c5b331 (webtiles) character file.

9786 Madoushi the Cleaver (level 11, -5/99 (101) HPs)
             Began as a Minotaur Berserker on Dec 19, 2018.
             Was a High Priest of Trog.
             Slain by a minotaur zombie (8 damage)
             ... in a labyrinth on Jan 3, 2019.
             The game lasted 00:38:30 (9010 turns).

Madoushi the Cleaver (Minotaur Berserker)           Turns: 9010, Time: 00:38:31

HP:   -5/99 (101)   AC: 12    Str: 29    XL:     11   Next: 27%
MP:   10/10         EV: 14    Int:  4    God:    Trog [*****.]
Gold: 668           SH:  0    Dex: 11    Spells: 10/10 levels left

rFire    x . .     SeeInvis +   B - +5 battleaxe (chop)
rCold    + + .     Gourm    .   (shield currently unavailable)
rNeg     . . .     Faith    .   k - +3 ring mail {rPois}
rPois    +         Spirit   .   (helmet restricted)
rElec    .         Reflect  .   v - +0 cloak
rCorr    .         Harm     .   l - +0 pair of gloves
MR       ++...                  (no boots)
Stlth    +.........             I - amulet "Rine" {RegenMP rC+ Str+5}
HPRegen  1.26/turn              R - ring of see invisible
MPRegen  0.37/turn              r - ring of ice

@: berserk cooldown, regenerating, slowed, very slow
A: retaliatory headbutt, horns 2
a: Berserk, Trog's Hand, Brothers in Arms, Renounce Religion


You were in a labyrinth.
You worshipped Trog.
Trog was extremely pleased with you.
You were not hungry.

You visited 1 branch of the dungeon, and saw 11 of its levels.
You also visited: Labyrinth and Ossuary.

You collected 668 gold pieces.

Inventory:

Hand Weapons
 b - a +6 antimagic demon whip
 i - a +0 antimagic whip
 u - a +1 mace of draining
 B - a +5 battleaxe of chopping (weapon)
 C - a +1 vampiric war axe
 G - a +4 war axe
 T - the +2 hand axe "Zirr" {freeze, rN+ Int+3 Dex+2}
   (You found it on level 8 of the Dungeon)

   It has been specially enchanted to freeze those struck by it, causing extra
   injury to most foes and up to half again as much damage against particularly
   susceptible opponents.
   It can also slow down cold-blooded creatures.
   It affects your intelligence (+3).
   It affects your dexterity (+2).
   It protects you from negative energy.
Armour
 k - a +3 ring mail of poison resistance (worn)
 l - a +0 pair of gloves (worn)
 s - a +2 pair of boots
 v - a +0 cloak (worn)
 z - the +1 leather armour of the Beginning {rCorr Str+6 Int-2}
   (You found it on level 10 of the Dungeon)

   It affects your strength (+6).
   It affects your intelligence (-2).
   It provides partial protection from all sources of acid and corrosion.
Magical Staves
 J - an uncursed staff of power {unknown}
Jewellery
 r - a ring of ice (right hand)
 I - the amulet "Rine" (around neck) {RegenMP rC+ Str+5}
   (You found it on level 5 of the Dungeon)

   [amulet of magic regeneration]

   It increases your magic regeneration.
   It affects your strength (+5).
   It protects you from cold.
 R - a ring of see invisible (left hand)
Wands
 a - a wand of flame (36)
 e - a wand of disintegration (30)
 F - a wand of acid (7)
 O - a wand of paralysis (31)
 P - a wand of random effects (30)
Scrolls
 d - 4 scrolls of enchant armour
 j - 6 scrolls of remove curse
 m - 4 scrolls of immolation
 q - 3 scrolls of teleportation
 w - 2 scrolls of fog
 M - a scroll of fear
 U - a scroll of blinking
Potions
 f - 4 potions of cancellation
 g - 3 potions of flight
 h - a potion of mutation {unknown}
 n - a potion of haste {unknown}
 o - a potion of invisibility {unknown}
 p - 2 potions of resistance
 t - 2 potions of lignification
 x - 2 potions of might {unknown}
 A - 4 potions of magic
 D - 2 potions of heal wounds {unknown}
 E - 3 potions of brilliance {unknown}
 H - 2 potions of curing {unknown}
 L - 2 potions of degeneration {unknown}
 N - a potion of agility {unknown}
 Q - 2 potions of ambrosia {unknown}
Miscellaneous
 y - a lamp of fire
Comestibles
 c - 9 rations


   Skills:
 + Level 10.3 Fighting
 + Level 13.9(14.1) Axes
 + Level 3.7(10.0) Maces & Flails
 + Level 9.0 Armour
 + Level 7.4 Dodging
 + Level 2.1 Stealth


You had 10 spell levels left.
You didn't know any spells.
Your spell library was empty.

Dungeon Overview and Level Annotations

Branches:
Dungeon (11/15)            Temple (0/1) D:5            Lair (0/6) D:10
    Orc: D:9-12

Altars:
Cheibriados
Ru
Sif Muna
Xom
Yredelemnul
The Shining One
Jiyva

Shops:
D:6 !   D:8 =


Innate Abilities, Weirdness & Mutations

You reflexively headbutt those who attack you in melee.
You have a pair of horns on your head.


Message History

The minotaur zombie is heavily damaged.
The minotaur zombie hits you!
The minotaur zombie gores you but does no damage.
You hit the minotaur zombie but do no damage.
The minotaur zombie is heavily damaged.
The minotaur zombie hits you. The minotaur zombie misses you.
You hit the minotaur zombie.
The minotaur zombie is heavily damaged.
The minotaur zombie misses you. The minotaur zombie gores you!
* * * LOW HITPOINT WARNING * * *
The minotaur zombie hits you!
* * * LOW HITPOINT WARNING * * *
The minotaur zombie gores you.
* * * LOW HITPOINT WARNING * * *
Your skin crawls.
You feel resistant to hostile enchantments.
You feel somewhat more hungry. The minotaur zombie hits you!
* * * LOW HITPOINT WARNING * * *
The minotaur zombie gores you!
You die...

. . # #.. ..# # #.#
.# . # ##+### .##
##.###.⌠..### ..#
#..'(((..@Z.#
#.#####..###<.(.###
#. .. .. # #..⌠.# #
# ###..# ###+## #.
# ##.# . . .#. .


You could see a minotaur zombie.

Vanquished Creatures
  A minotaur (Lab)
  3 two-headed ogres
  An ugly thing (D:10)
  2 trolls (D:10)
  Prince Ribbit (D:7)
  Grinder (D:3)
  A slime creature (D:9)
  A hippogriff (D:10)
  8 yaks (D:9)
  A wraith (D:10)
  A wyvern (D:10)
  A water moccasin (D:6)
  An orc warrior (D:10)
  2 ice beasts
  3 sky beasts
  A phantom (D:10)
  3 necrophages
  2 elf zombies (Ossuary)
  8 bullfrogs
  2 scorpions
  A troll zombie (Ossuary)
  A wight (D:9)
  A jelly (D:5)
  4 howler monkeys
  4 crimson imps
  2 bullfrog zombies
  A human zombie (Ossuary)
  A quasit (D:7)
  4 centaur zombies
  8 hounds
  A bullfrog skeleton (D:6)
  4 orc priests
  8 orc wizards
  2 iguanas (D:5)
  2 centaur skeletons
  8 worker ants
  2 ogre zombies (Ossuary)
  A hound zombie (D:9)
  A hound skeleton (D:9)
  8 mummies
  2 worker ant zombies (D:8)
  A howler monkey zombie (D:8)
  12 adders
  5 adder zombies
  An adder skeleton (D:4)
  2 worms
  A dart slug (D:1)
  4 leopard geckos
  33 orcs
  4 bats
  9 giant cockroaches
  9 goblins
  3 hobgoblins
  8 jackals
  2 quokkas
  6 frilled lizards
  4 goblin zombies (Ossuary)
  3 hobgoblin zombies (Ossuary)
  6 kobolds
  3 kobold zombies (Ossuary)
  A quokka skeleton (D:4)
  6 quokka zombies
  6 rats
  3 rat zombies (Ossuary)
  A plant (D:10)
243 creatures vanquished.

Notes
Turn   | Place    | Note
-------+----------+-------------------------------------------
     0 | D:1      | Madoushi the Minotaur Berserker began the quest for the
                  | Orb.
     0 | D:1      | Reached XP level 1. HP: 19/19 MP: 0/0
   218 | D:1      | Reached XP level 2. HP: 27/27 MP: 1/1
   240 | D:1      | Reached skill level 4 in Axes
   911 | D:2      | Reached ** piety under Trog
   957 | D:2      | Reached XP level 3. HP: 33/34 MP: 2/2
  1433 | D:3      | Found a snail-covered altar of Cheibriados.
  1440 | D:3      | Noticed Grinder
  1448 | D:3      | Paralysed by Grinder for 4 turns
  1455 | D:3      | Killed Grinder
  1455 | D:3      | Reached skill level 5 in Fighting
  1455 | D:3      | Reached skill level 5 in Axes
  1455 | D:3      | Reached XP level 4. HP: 42/42 MP: 3/3
  1455 | D:3      | Reached XP level 5. HP: 49/49 MP: 4/4
  1681 | D:3      | Reached XP level 6. HP: 57/57 MP: 5/5
  2166 | D:4      | Reached *** piety under Trog
  2283 | D:4      | Reached skill level 6 in Axes
  2635 | D:5      | Entered Level 5 of the Dungeon
  2650 | D:5      | Reached skill level 1 in Maces & Flails
  2661 | D:5      | Found a staircase to the Ecumenical Temple.
  2709 | D:5      | Reached XP level 7. HP: 64/64 MP: 6/6
  3059 | D:5      | Got a twitching ruby amulet
  3248 | D:5      | Identified the amulet "Rine" {RegenMP rC+ Str+5} (You found
                  | it on level 5 of the Dungeon)
  3311 | D:6      | Found Zixy's Distillery.
  3325 | D:6      | Reached skill level 7 in Axes
  3449 | D:6      | Found a shimmering altar of Xom.
  3528 | D:6      | Reached XP level 8. HP: 69/71 MP: 7/7
  3819 | D:6      | Reached skill level 8 in Axes
  3828 | D:6      | Reached **** piety under Trog
  4146 | D:7      | Found a glowing golden altar of the Shining One.
  4207 | D:7      | Reached skill level 5 in Armour
  4222 | D:7      | Found a sand-covered staircase.
  4230 | Ossuary  | Entered an ossuary
  4508 | Ossuary  | Reached skill level 9 in Axes
  4885 | D:7      | Reached skill level 10 in Axes
  4885 | D:7      | Reached XP level 9. HP: 74/80 MP: 8/8
  4910 | D:7      | Noticed Prince Ribbit
  4919 | D:7      | Killed Prince Ribbit
  4991 | D:7      | Reached ***** piety under Trog
  5708 | D:8      | Noticed a two-headed ogre
  5721 | D:8      | Killed a two-headed ogre
  5721 | D:8      | Reached skill level 11 in Axes
  5721 | D:8      | Reached skill level 5 in Dodging
  6119 | D:8      | Found a sacrificial altar of Ru.
  6119 | D:8      | Found a deep blue altar of Sif Muna.
  6190 | D:8      | Reached skill level 12 in Axes
  6199 | D:8      | Got a jewelled hand axe
  6205 | D:8      | Identified the +2 hand axe "Zirr" {freeze, rN+ Int+3 Dex+2}
                  | (You found it on level 8 of the Dungeon)
  6239 | D:8      | Found Takan's Jewellery Emporium.
  6814 | D:8      | Reached skill level 1 in Stealth
  6911 | D:9      | Reached XP level 10. HP: 82/90 MP: 9/9
  7174 | D:9      | Noticed a two-headed ogre
  7185 | D:9      | Killed a two-headed ogre
  7294 | D:9      | Reached skill level 13 in Axes
  7356 | D:9      | Found a transporter.
  7379 | D:9      | Found a viscous altar of Jiyva.
  7383 | D:9      | Found a transporter.
  7765 | D:10     | Entered Level 10 of the Dungeon
  7765 | D:10     | Noticed a two-headed ogre
  7774 | D:10     | Killed a two-headed ogre
  7971 | D:10     | Found a staircase to the Lair.
  8184 | D:10     | Noticed a green ugly thing
  8195 | D:10     | Killed a green ugly thing
  8195 | D:10     | Reached skill level 10 in Fighting
  8343 | D:10     | Reached XP level 11. HP: 97/97 MP: 10/10
  8571 | D:10     | Got an ichor-stained leather armour
  8572 | D:10     | Identified the +1 leather armour of the Beginning {rCorr
                  | Str+6 Int-2} (You found it on level 10 of the Dungeon)
  8583 | D:10     | Found a basalt altar of Yredelemnul.
  8813 | D:10     | Got a warped rapier
  8814 | D:10     | Identified the +6 rapier "Ulusaoba" {pierce, rElec} (You
                  | found it on level 10 of the Dungeon)
  8876 | D:10     | Received a gift from Trog
  8908 | D:11     | Found a labyrinth entrance.
  8918 | D:11     | Identified a scroll of acquirement
  8926 | Lab      | Entered a labyrinth
  8990 | Lab      | Noticed a minotaur
  8999 | Lab      | Killed a minotaur
  9010 | Lab      | HP: 3/99 [minotaur zombie (8)]
  9010 | Lab      | Slain by a minotaur zombie

Skill      XL: |  1  2  3  4  5  6  7  8  9 10 11 |
---------------+----------------------------------+-----
Axes           | 4 5 6 7 10 12 13 | 13.9
Fighting       | 4 5 6 8 9 10 | 10.3
Armour         | 3 4 5 6 8 9 |  9.0
Dodging        | 3 4 5 6 7 |  7.4
Maces & Flails | 1 3 |  3.7
Stealth        | 1 2 |  2.1

Action                   |  1- 3 |  4- 6 |  7- 9 | 10-12 || total
-------------------------+-------+-------+-------+-------++-------
Melee: Hand axe          |    67 |    37 |    37 |   189 ||   330
       Headbutt          |    10 |    23 |    57 |    65 ||   155
       Mace              |       |    52 |       |       ||    52
       War axe           |       |     3 |   240 |       ||   243
       Battleaxe         |       |       |       |    11 ||    11
Invok: Berserk           |     1 |     1 |       |     3 ||     5
       Trog's Hand       |       |       |     1 |     1 ||     2
Evoke: Wand              |       |       |     1 |       ||     1
  Use: Scroll            |       |     3 |    16 |     5 ||    24
  Eat: Chunk             |     1 |     3 |     1 |       ||     5
       Ration            |       |     1 |     4 |     3 ||     8
Armor: Leather armour    |     4 |       |       |       ||     4
       Animal skin       |     1 |       |       |       ||     1
       Ring mail         |    10 |    40 |   124 |    47 ||   221
Dodge: Dodged            |    41 |    66 |   152 |   109 ||   368
